 Dungeon Crawl Stone Soup version 0.28-a0-172-g787e458d71 (webtiles) character file.

Game seed: 7498475505461089810

21 porpoise the Skirmisher (level 2, -2/25 HPs)
             Began as a Palentonga Fighter on Aug 17, 2021.
             Slain by an ufetubus (4 damage)
             ... on level 2 of the Dungeon.
             The game lasted 00:05:03 (741 turns).

porpoise the Skirmisher (Palentonga Fighter)         Turns: 741, Time: 00:05:03

Health: -2/25      AC:  6    Str: 19    XL:     2   Next: 62%
Magic:  2/2        EV:  7    Int:  8    God:
Gold:   41         SH:  0    Dex:  9    Spells: 1/1 levels left

rFire   . . .      SeeInvis +   a - +0 war axe
rCold   . . .      Faith    .   (no shield)
rNeg    . . .      Spirit   .   b - +0 scale mail
rPois   +          Reflect  .   (no helmet)
rElec   .          Harm     .   (no cloak)
rCorr   .          Rampage  .   (no gloves)
Will    .....                   (no barding)
Stlth   ..........              (no amulet)
HPRegen 0.08/turn               g - ring of poison resistance
MPRegen 0.08/turn               (no ring)

@: no status effects
A: large, rugged brown scales 3, see invisible, deformed body, roll 1, armoured
tail
a: Rolling Charge


You were on level 2 of the Dungeon.
You visited 1 branch of the dungeon, and saw 2 of its levels.

You collected 41 gold pieces.

Inventory:

Hand Weapons
 a - a +0 war axe (weapon)
 m - a +0 whip of freezing
Missiles
 e - 8 javelins
 i - 6 stones
 j - 16 poisoned darts
Armour
 b - a +0 scale mail (worn)
 c - a +0 kite shield
Jewellery
 g - a ring of poison resistance (left hand)
Scrolls
 f - a scroll of fear {unknown}
 h - 2 scrolls of noise {unknown}
 k - 3 scrolls of blinking {unknown}
 n - a scroll of teleportation {unknown}
Potions
 d - a potion of might
 l - a potion of brilliance {unknown}


   Skills:
 * Level 3.4 Fighting
 * Level 2.5 Axes
 - Level 2.4 Armour
 + Level 2.6 Shields


You had one spell level left.
You didn't know any spells.
Your spell library contained the following spells:

 Spells                   Type           Power      Damage    Failure   Level
 Portal Projectile        Hex/Tloc       0%         N/A       98%         3
 Blade Hands              Tmut           0%         N/A       100%        5
 Excruciating Wounds      Necr           0%         N/A       100%        5


Dungeon Overview and Level Annotations

Branches:
Dungeon (2/15)

Altars:

Shops:
D:1 [


Innate Abilities, Weirdness & Mutations

You are completely covered in rugged brown scales. (AC +3, +7% HP)
You have supernaturally acute eyesight. (SInv)
Armour fits poorly on your strangely shaped body.
You can roll at nearby foes to attack.
You have a long armoured tail.


Message History

Press: ? - help, Dir - move target, f - adder
Aim: an adder You roll forward with a clatter of scales!
You closely miss the adder.
You hear a shout!
The adder bites you but does no damage.
Found a stone staircase leading down.
You closely miss the adder. The adder bites you but does no damage.
The adder bites you.
You hit the adder.
The adder is lightly wounded.
The adder barely misses you.
A bat comes into view.
The adder barely misses you.
The bat moves out of view.
You closely miss the adder.
Your tail-slap misses the adder.
The adder is lightly wounded.
The adder bites you.
You are poisoned.
The adder poisons you! The adder bites you.
Your scale mail prevents you from hitting the adder.
The adder is lightly wounded.
You feel sick. The adder barely misses you.
An ufetubus comes into view.
You closely miss the adder.
The adder is lightly wounded.
You feel sick. The adder closely misses you. The adder bites you.
You closely miss the adder.
The adder is lightly wounded.
You feel sick. The adder bites you but does no damage. The adder bites you.
* * * LOW HITPOINT WARNING * * *
You slash the adder!
You kill the adder!
You hit the ufetubus.
You feel sick.
You are no longer poisoned.
The ufetubus barely misses you.
The ufetubus hits you but does no damage.
The ufetubus hits you.
* * * LOW HITPOINT WARNING * * *
The ufetubus hits you.
You die...

.... .# ##..# ... #
##.###...##.. ..
.......... ... #.
#†..####...
....#.###..<.......
...................
#....5....#....#.
#....@#####....#
#.....# .....
#.....# .###.
#...>.. # ######.
.. .. ..>


You could see an ufetubus.

Vanquished Creatures
  An adder (D:2)
  3 ball pythons (D:1)
  3 endoplasms (D:1)
  2 giant cockroaches (D:1)
  A hobgoblin (D:1)
  A quokka (D:1)
  3 bats
  2 frilled lizards (D:1)
  5 kobolds (D:1)
21 creatures vanquished.

Notes
Turn   | Place    | Note
-------+----------+-------------------------------------------
     0 | D:1      | porpoise the Palentonga Fighter began the quest for the
                  | Orb.
     0 | D:1      | Reached XP level 1. HP: 19/19 MP: 1/1
    45 | D:1      | Found Kogguf's Antique Armour Shop.
   160 | D:1      | Reached XP level 2. HP: 13/25 MP: 2/2
   741 | D:2      | Slain by an ufetubus

Illustrated notes

Levels and vault maps discovered:
D:1:      lightli_arrival_isolated_outpost, layout_rooms, serial_shops, shop
D:2:      layout_rooms, hangedman_decor_growths, uniq_jessica, uniq_terence

Action                   || total
-------------------------++-------
Melee: War axe           ||    50
       Tailslap          ||     5
 Abil: Rolling Charge    ||    10
Armor: Scale mail        ||    27
Dodge: Dodged            ||    16

Table legend: (Time is in decaauts)
 A = Elapsed time spent in this place.
 B = Non-inter-level travel time spent in this place.
 C = Inter-level travel time spent in this place.
 D = Time resting spent in this place.
 E = Time spent auto-exploring this place.
 F = Levels seen in this place.
 G = Mean time per level.
                   A        B        C        D        E       F      G
               +--------+--------+--------+--------+--------+-----+--------+
         Total |    762 |    759 |      3 |    263 |    324 |   2 |  381.0 |
       Dungeon |    762 |    759 |      3 |    263 |    324 |   2 |  381.0 |
               +--------+--------+--------+--------+--------+-----+--------+

Top non-repeatable levels by time:
     D:1: 736 daAuts
     D:2: 26 daAuts
